 Dungeon Crawl Stone Soup version 0.21.0-37-g46506fa (webtiles) character file.

538914 Econoterrorist the Slayer (level 24, -5/236 HPs)
             Began as a Minotaur Gladiator on Jan 31, 2018.
             Was the Champion of Okawaru.
             Slain by an acid blob (30 damage)
             ... on level 3 of the Pits of Slime.
             The game lasted 03:53:49 (64105 turns).

Econoterrorist the Slayer (Minotaur Gladiator)     Turns: 64105, Time: 03:53:50

Health: -5/236     AC: 13    Str: 23    XL:     24   Next: 67%
Magic:  3/28       EV: 28    Int: 18    God:    Okawaru [******]
Gold:   4608       SH: 15    Dex: 21    Spells: 5/25 levels left

rFire    + . .     SeeInvis +   a - +9 eveningstar (flame)
rCold    + + .     Gourm    .   p - +0 shield "Teceurph" {rF- rN++ Int+6}
rNeg     + + +     Faith    .   m - +8 fire dragon scales
rPois    +         Spirit   .   G - -1 hat of Unreason {rElec rF- rCorr Dex+5}
rElec    +         Reflect  .   E - scarf {repulsion}
rCorr    +         Harm     .   V - +2 pair of gloves of Osyth {rN+}
MR       +....     Clarity  +   v - +0 pair of boots of the Moon Troll {+Blink rPois rC+}
Stlth    ..........             l - amulet of Exaif {+Rage rPois rC+ SInv}
HPRegen  0.00/turn              e - ring of protection from cold
MPRegen  0.21/turn              N - ring of Equivalence {Wiz rF+ Str+3}

@: marked, corroded, studying Charms, repel missiles
A: retaliatory headbutt, horns 2, clarity, deterioration 2, inhibited
regeneration, MP-powered wands
}: 3/15 runes: decaying, serpentine, silver
a: Heroism, Finesse, Renounce Religion, Evoke Blink, Evoke Berserk Rage


You were on level 3 of the Pits of Slime.
You worshipped Okawaru.
Okawaru was exalted by your worship.
You were not hungry.

You visited 9 branches of the dungeon, and saw 45 of its levels.
You visited the Abyss 2 times.
You also visited: Ossuary and Wizlab.

You collected 5839 gold pieces.
You spent 1231 gold pieces at shops.

Inventory:

Hand Weapons
 a - a +9 eveningstar of flaming (weapon)
Missiles
 d - 6 throwing nets (quivered)
Armour
 m - +8 fire dragon scales (worn)
 p - the +0 shield "Teceurph" (worn) {rF- rN++ Int+6}
   (Okawaru gifted it to you on level 1 of the Swamp)

   It affects your intelligence (+6).
   It makes you vulnerable to fire.
   It greatly protects you from negative energy.
 t - a +1 crystal plate armour
 v - the +0 pair of boots of the Moon Troll (worn) {+Blink rPois rC+}
   (Okawaru gifted it to you on level 3 of the Lair of Beasts)

   It protects you from cold.
   It protects you from poison.
   It lets you blink.
 E - a scarf of repulsion (worn)
 G - the -1 hat of Unreason (worn) {rElec rF- rCorr Dex+5}
   (Okawaru gifted it to you on level 14 of the Dungeon)

   It affects your dexterity (+5).
   It makes you vulnerable to fire.
   It insulates you from electricity.
   It protects you from acid and corrosion.
 T - a +2 hat of see invisible
 V - the +2 pair of gloves of Osyth (worn) {rN+}
   (Okawaru gifted it to you on level 1 of the Vaults)

   It protects you from negative energy.
Jewellery
 e - a ring of protection from cold (left hand)
 g - an uncursed amulet of regeneration
 l - the amulet of Exaif (around neck) {+Rage rPois rC+ SInv}
   (You took it off a deep elf sorcerer on level 3 of the Elven Halls)

   [amulet of rage]

   It protects you from cold.
   It protects you from poison.
   It lets you see invisible.
   It lets you go berserk.
 u - an uncursed ring of protection from fire
 I - an uncursed ring of flight
 N - the ring of Equivalence (right hand) {Wiz rF+ Str+3}
   (You took it off an orc on level 9 of the Dungeon)

   [ring of wizardry]

   It improves your spell success rate.
   It affects your strength (+3).
   It protects you from fire.
 Z - an uncursed ring of protection from magic
Wands
 b - a wand of acid (21)
 r - a wand of iceblast (23)
 K - a wand of disintegration (30)
 M - a wand of digging (43)
 O - a wand of clouds (4)
 W - a wand of scattershot (10)
Scrolls
 h - 4 scrolls of blinking
 i - 3 scrolls of identify
 j - 3 scrolls of amnesia
 k - 2 scrolls of enchant armour
 o - 2 scrolls of teleportation
 q - a scroll of brand weapon
 w - 17 scrolls of remove curse
 B - 2 scrolls of magic mapping
 P - 3 scrolls of holy word
 R - 10 scrolls of fog
 S - 2 scrolls of enchant weapon
Potions
 n - 5 potions of haste
 s - a potion of mutation
 x - 3 potions of invisibility
 z - 2 potions of berserk rage
 A - 8 potions of might
 C - 2 potions of resistance
 D - 4 potions of flight
 F - 5 potions of agility
 L - 8 potions of curing
 U - a potion of magic
 Y - 3 potions of heal wounds
Books
 c - a manual of Charms
Miscellaneous
 H - a lamp of fire
 J - a phial of floods
 X - a lightning rod (4/4)
Comestibles
 f - 50 rations


   Skills:
 - Level 23.5 Fighting
 - Level 14.8(16.0) Maces & Flails
   Level 11.1(14.2) Staves
 - Level 2.0 Throwing
 - Level 23.4 Armour
 - Level 22.0 Dodging
 - Level 15.5 Shields
 - Level 1.4 Spellcasting
 + Level 8.7 Charms
 + Level 7.4 Air Magic
 - Level 8.0 Invocations
 - Level 6.2 Evocations


You had 5 spell levels left.
You knew the following spells:

 Your Spells              Type           Power        Failure   Level  Hunger
a - Blink                 Tloc           N/A          21%         2    ###....
b - Regeneration          Chrm/Necr      ###.......   7%          3    ####...
c - Shroud of Golubria    Chrm/Tloc      ###.......   3%          2    ###....
d - Swiftness             Chrm/Air       ####....     1%          2    ###....
e - Silence               Hex/Air        ##........   58%         5    ######.
f - Deflect Missiles      Chrm/Air       ####......   56%         6    #######


Dungeon Overview and Level Annotations

Branches:
Dungeon (15/15)            Temple (1/1) D:7            Lair (6/6) D:10
  Swamp (4/4) Lair:3        Snake (4/4) Lair:2        Slime (5/5) Lair:6
    Orc (2/2) D:11            Elf (3/3) Orc:2        Vaults (5/5) D:14
  Crypt (0/3) Vaults:2     Depths (0/5) D:15

Altars:
Ashenzari
Cheibriados
Dithmenos
Elyvilon
Fedhas
Gozag
Hepliaklqana
Kikubaaqudgha
Makhleb
Nemelex Xobeh
Okawaru
Qazlal
Ru
Sif Muna
Trog
Uskayaw
Vehumet
Wu Jian
Xom
Yredelemnul
Zin
The Shining One
Beogh

Shops:
D:6 (   D:7 !   D:10 !   D:11 **?*   Orc:2 (:[*   Elf:1 [   Elf:2 *   Elf:3 !
Snake:1 :!!


Innate Abilities, Weirdness & Mutations

You reflexively headbutt those who attack you in melee.
You have a pair of horns on your head.
You possess an exceptional clarity of mind.
Your body often deteriorates upon taking damage.
You do not regenerate when monsters are visible.
You expend magic power (3 MP) to strengthen your wands.


Message History

The golden eye blinks at you.
You feel momentarily confused. The golden eye blinks at you.
You easily resist.
The eye of draining gazes at you.
You feel your power leaking away.
The golden eye blinks!
There is a stone staircase leading up here.
The acid blob completely misses you. The golden eye blinks at you.
You resist with almost no effort. You block the acid blob's attack.
Your magical contamination has completely faded away.
You climb upwards.
The acid blob quivers.
There is a stone staircase leading down here.
You bludgeon the acid blob!! You burn the acid blob.
Your hands burn!
* * * LOW HITPOINT WARNING * * *
The acid blob is severely wounded.
The acid blob hits you!!
You die...

####... ###
..#.#.. ##..#
.......
#....#.......
#.............
##............#
#.............##
#...J@.........#.
#................
##...............
#.......J.......
##......>.......
...............
............#...
#.............. .
...............


You could see 2 acid blobs.

Vanquished Creatures
  the Royal Jelly (Slime:5)
  Mara (Vaults:3)
  Vashnia (Snake:2)
  Frederick (Vaults:2)
  Margery (Vaults:2)
  A bone dragon (Swamp:4)
  A lich (Vaults:5)
  3 tentacled monstrosities (Vaults:5)
  A moon troll (WizLab)
  3 titans (Vaults:5)
  3 quicksilver dragons (WizLab)
  3 deep elf blademasters
  2 deep elf master archers (Elf:3)
  15 acid blobs
  9 tentacled starspawn
  2 sphinxes (Vaults:5)
  6 tengu reavers (Vaults:5)
  3 storm dragons
  Gastronok (Lair:2)
  Roxanne (Swamp:1)
  6 shadow dragons (Vaults:5)
  Kirke (Elf:1)
  3 thorn hunters
  The ghost of saranimal the Warrior, an adept GrBe of Trog (Swamp:4)
  2 frost giants
  8 nagarajas
  5 azure jellies
  3 fire giants (Vaults:5)
  2 iron dragons (Vaults:5)
  An orc warlord (Orc:1)
  A cacodemon (WizLab)
  26 vault wardens
  A deep elf elementalist (Elf:3)
  5 deep elf sorcerers
  Aizul (Swamp:2)
  11 very ugly things
  24 ironheart preservers
  19 stone giants
  9 deep elf demonologists
  7 deep elf annihilators
  A dire elephant (Lair:6)
  13 deep elf death magi
  A crystal guardian (WizLab)
  5 ettins (Vaults:5)
  A death ooze (Slime:5)
  3 deep elf high priests
  14 naga warriors
  2 fire dragons
  A great orb of eyes (shapeshifter) (Vaults:5)
  7 great orbs of eyes
  9 yaktaur captains
  13 hydras
  4 ice dragons
  43 vault guards
  8 centaur warriors
  5 ghost crabs
  5 death knights
  7 anacondas
  51 two-headed ogres
  15 ogre magi
  32 dancing weapons
  15 alligators
  6 deep troll shamans
  6 orc high priests
  3 thrashing horrors (Abyss:2)
  3 death yaks (Lair:6)
  3 deep troll earth magi (Vaults:4)
  Urug (Lair:3)
  4 shock serpents
  15 naga sharpshooters
  Nergalle (D:12)
  A wretched star (Abyss:2)
  2 spriggans
  A sixfirhy (Abyss:2)
  3 hell knights (Vaults:2)
  A fire crab (shapeshifter) (Vaults:5)
  4 salamander mystics
  19 deep elf knights
  2 shadow wraiths
  3 skeletal warriors (D:14)
  3 swamp dragons
  4 spectral hydras (Swamp:4)
  An unseen horror (shapeshifter) (Vaults:1)
  2 large abominations (Abyss:2)
  The ghost of Spathi the Geomancer, a novice SpEE of Fedhas (D:10)
  3 spriggan druids
  2 shambling mangroves
  7 glowing orange brains
  A spatial maelstrom (Abyss:2)
  2 flayed ghosts
  An orange crystal statue (WizLab)
  7 naga ritualists
  3 unseen horrors
  A shadow demon (Abyss:2)
  2 lindwurms (Lair:6)
  A wizard (Vaults:3)
  11 deep trolls
  4 phantasmal warriors
  18 ironbrand convokers
  16 deep elf archers
  6 harpies
  8 orc sorcerers
  23 ugly things
  12 orc knights
  3 necromancers
  9 mana vipers
  A manticore (shapeshifter) (Vaults:5)
  10 shining eyes
  87 deep elf magi
  An oklob plant (Lair:6)
  3 wolf spiders
  7 cyclopes
  A manticore (D:11)
  6 salamanders
  7 elephants
  2 smoke demons (Abyss:2)
  A black mamba (shapeshifter) (Vaults:1)
  Joseph (D:7)
  A torpor snail (Lair:6)
  44 black mambas
  15 vault sentinels
  4 eyes of devastation (WizLab)
  An eye of devastation (shapeshifter) (Vaults:5)
  2 guardian serpents (Snake:3)
  A centaur zombie (D:14)
  19 spiny frogs
  A gargoyle (D:14)
  25 naga magi
  A spiny frog (shapeshifter) (Elf:3)
  6 rime drakes
  6 freezing wraiths
  3 centaur skeletons
  2 kobold demonologists (D:11)
  54 yaktaurs
  4 swamp worm zombies (Swamp:4)
  6 komodo dragons
  2 hellwings (Abyss:2)
  2 ancient zymes (Abyss:2)
  A queen bee (shapeshifter) (D:14)
  3 polar bears
  10 trolls
  4 hornets
  The ghost of meatyocre the Ducker, an amateur DgAr (D:5)
  4 hydra zombies (Swamp:4)
  A polar bear (shapeshifter) (Vaults:3)
  5 bog bodies
  2 raiju (shapeshifter)
  5 tyrant leeches
  93 slime creatures
  3 alligator zombies (Swamp:4)
  2 dream sheep (Lair:6)
  A spectral swamp dragon (Swamp:4)
  A dream sheep (shapeshifter) (Vaults:3)
  A frost giant simulacrum (Vaults:3)
  4 hippogriffs
  22 blink frogs
  A human simulacrum (Vaults:2)
  An alligator skeleton (Abyss:2)
  6 wraiths
  Sigmund (D:5)
  3 air elementals (Elf:1)
  3 shadows
  47 yaks
  A water elemental (Elf:1)
  4 wyverns
  The ghost of richr the Sneak, an amateur SpEn (D:4)
  A hungry ghost (D:9)
  Eustachio (D:5)
  A hog (Elf:1)
  A basilisk (shapeshifter) (Vaults:5)
  4 fire elementals
  6 golden eyes
  A yaktaur simulacrum (Vaults:3)
  10 vampire mosquitoes
  4 basilisks
  6 neqoxecs
  A steam dragon (D:7)
  8 wargs
  8 insubstantial wisps
  22 swamp worms
  39 nagas
  2 acid dragons
  6 porcupines
  10 water moccasins
  A soldier ant (D:14)
  5 swamp drakes
  A black bear (shapeshifter) (Vaults:5)
  12 phantoms
  6 ice beasts
  3 black bears
  A hornet zombie (D:5)
  3 swamp dragon zombies (Swamp:4)
  4 sky beasts
  48 orc warriors
  3 boggarts (Vaults:2)
  41 ogres
  12 centaurs
  An ettin simulacrum (Vaults:1)
  4 eyes of draining
  3 wolves (Lair:4)
  21 crocodiles
  14 bullfrogs
  2 big kobolds
  Blork the orc (D:5)
  2 earth elementals
  5 water moccasin zombies (Ossuary)
  5 scorpions
  7 killer bees (D:9)
  6 howler monkeys
  12 wights
  8 electric eels
  8 crimson imps
  A bullfrog zombie (D:10)
  8 jellies
  9 starcursed masses (WizLab)
  A quasit (D:10)
  4 small abominations
  3 bullfrog skeletons
  34 orc priests
  A hound (D:9)
  34 orc wizards
  A gnoll shaman (Orc:2)
  2 iguanas
  6 worker ants
  3 hell rats
  A spectral swamp drake (Swamp:4)
  7 big kobold zombies (Ossuary)
  A hound zombie (D:11)
  2 hound skeletons
  2 mummies (Ossuary)
  Robin (D:4)
  2 swamp drake zombies (Swamp:4)
  14 adders
  10 river rats (Lair:3)
  An ooze (D:2)
  An adder skeleton (D:8)
  2 worms
  A dart slug (D:1)
  6 leopard geckos
  138 orcs
  4 ball pythons
  12 bats
  5 giant cockroaches
  9 goblins
  15 hobgoblins
  13 jackals
  8 quokkas
  4 frilled lizards
  5 gnoll zombies (Ossuary)
  5 hobgoblin zombies (Ossuary)
  19 kobolds
  4 kobold zombies (Ossuary)
  2 leopard gecko zombies (D:6)
  2 orc zombies (Ossuary)
  A quokka zombie (D:7)
  12 rats
  A rat zombie (D:7)
  4 briar patches (Swamp:4)
  2 crawling corpses
  A fungus (Lair:3)
  7 starspawn tentacles (WizLab)
2037 creatures vanquished.

Vanquished Creatures (collateral kills)
  An acid blob (Slime:5)
  A death ooze (Slime:5)
2 creatures vanquished.

Vanquished Creatures (others)
  2 wizards
  A deep elf archer (Elf:1)
  3 deep elf magi (Elf:1)
  3 slime creatures (Swamp:1)
  4 hornets (Swamp:3)
  3 spriggans (Swamp:3)
  A golden eye (shapeshifter) (Vaults:1)
  A naga (Snake:2)
  2 swamp worms (Swamp:4)
  A swamp drake (Swamp:3)
  An orc warrior (Elf:2)
  A human (D:4)
  2 boggarts (Vaults:2)
  2 orcs (Orc:2)
  2 bushes (Abyss:2)
  4 demonic plants
  3 fungi
  2 plants (Lair:6)
  13 starspawn tentacles
51 creatures vanquished.

Grand Total: 2090 creatures vanquished

Notes
Turn   | Place    | Note
-------+----------+-------------------------------------------
     0 | D:1      | Econoterrorist the Minotaur Gladiator began the quest for the Orb.
     0 | D:1      | Reached XP level 1. HP: 18/18 MP: 0/0
   115 | D:1      | Reached XP level 2. HP: 23/25 MP: 1/1
   411 | D:1      | Reached skill level 5 in Staves
   532 | D:2      | Reached XP level 3. HP: 30/30 MP: 2/2
   564 | D:2      | Reached XP level 4. HP: 27/37 MP: 3/3
  1281 | D:3      | Found an ornate altar of the Wu Jian Council.
  1320 | D:3      | Reached XP level 5. HP: 16/42 MP: 1/4
  1639 | D:3      | Noticed a centaur
  1650 | D:3      | Killed a centaur
  1650 | D:3      | Reached skill level 1 in Armour
  1650 | D:3      | Reached XP level 6. HP: 39/50 MP: 3/5
  2454 | D:4      | Noticed Robin
  2467 | D:4      | Killed Robin
  2542 | D:4      | Found a stormy altar of Qazlal.
  2570 | D:4      | Noticed richr's ghost (amateur SpEn)
  2578 | D:4      | Found an ancient bone altar of Kikubaaqudgha.
  2593 | D:4      | Killed richr's ghost
  2593 | D:4      | Reached XP level 7. HP: 57/57 MP: 6/6
  2764 | D:4      | Noticed a human
  2765 | D:4      | Killed a human
  3128 | D:4      | Found a hazy altar of Hepliaklqana.
  3262 | D:5      | Entered Level 5 of the Dungeon
  3336 | D:5      | Noticed Eustachio
  3342 | D:5      | Noticed Sigmund
  3353 | D:5      | Killed Sigmund
  3353 | D:5      | Reached skill level 5 in Dodging
  3376 | D:5      | Killed Eustachio
  3376 | D:5      | Reached skill level 5 in Fighting
  3376 | D:5      | Reached XP level 8. HP: 38/68 MP: 7/7
  3493 | D:5      | Noticed meatyocre's ghost (amateur DgAr)
  3510 | D:5      | Killed meatyocre's ghost
  3688 | D:5      | Noticed Blork the orc
  3706 | D:5      | Killed Blork the orc
  3714 | D:5      | Reached skill level 5 in Armour
  3957 | D:5      | You fall through a shaft for 2 floors!
  4202 | D:7      | Found a staircase to the Ecumenical Temple.
  4212 | D:7      | Reached skill level 10 in Staves
  4218 | D:7      | Reached XP level 9. HP: 65/78 MP: 8/8
  4221 | Temple   | Entered the Ecumenical Temple
  4473 | D:7      | Found a sand-covered staircase.
  4481 | Ossuary  | Entered an ossuary
  4712 | D:7      | Noticed Joseph
  4728 | D:7      | Killed Joseph
  4729 | D:7      | Found Wyraecut's Distillery.
  4936 | D:7      | Bought a potion of degeneration for 15 gold pieces
  4936 | D:7      | Bought a potion of agility for 60 gold pieces
  5981 | D:6      | Found a shimmering altar of Xom.
  5981 | D:6      | Found a shimmering altar of Xom.
  6004 | D:6      | Found Kiojysuf's Antique Weapon Boutique.
  6010 | D:6      | Reached XP level 10. HP: 88/88 MP: 9/9
  6014 | D:6      | Bought a crystal morningstar for 234 gold pieces
  6014 | D:6      | Identified the +1 morningstar of Pexot {crush, +Blink} (You bought it in a shop on level 6 of the Dungeon)
  6097 | D:6      | Reached skill level 1 in Maces & Flails
  6709 | D:5      | Found an iron altar of Okawaru.
  6717 | D:5      | Became a worshipper of Warmaster Okawaru
  7199 | D:8      | Reached skill level 5 in Maces & Flails
  7820 | D:8      | Noticed a two-headed ogre
  7829 | D:8      | Killed a two-headed ogre
  7829 | D:8      | Reached * piety under Okawaru
  8187 | D:8      | Found an iron altar of Okawaru.
  8420 | D:9      | Noticed a two-headed ogre
  8692 | D:9      | Killed a two-headed ogre
  8692 | D:9      | Reached ** piety under Okawaru
  8928 | D:9      | Noticed a white ugly thing
  8937 | D:9      | Killed a white ugly thing
  9214 | D:9      | Reached skill level 10 in Maces & Flails
  9318 | D:9      | Reached *** piety under Okawaru
  9729 | D:9      | Reached skill level 1 in Shields
  9729 | D:9      | Reached XP level 11. HP: 94/94 MP: 10/10
  9951 | D:9      | Got a shimmering golden ring
  9969 | D:9      | Identified the ring of Equivalence {Wiz rF+ Str+3} (You took it off an orc on level 9 of the Dungeon)
 10188 | D:10     | Entered Level 10 of the Dungeon
 10196 | D:9      | Paralysed by a hornet for 3 turns
 10516 | D:10     | Found Retoapt's Distillery.
 10578 | D:10     | Noticed Spathi's ghost (novice SpEE)
 10588 | D:10     | Killed Spathi's ghost
 11116 | D:10     | Found a staircase to the Lair.
 11130 | D:10     | Received a gift from Okawaru
 11172 | D:10     | Reached skill level 5 in Shields
 11175 | D:10     | Reached **** piety under Okawaru
 11268 | D:10     | Noticed a two-headed ogre
 11275 | D:10     | Killed a two-headed ogre
 11715 | Lair:1   | Entered Level 1 of the Lair of Beasts
 12323 | Lair:1   | Noticed a four-headed hydra
 12333 | Lair:1   | Killed a four-headed hydra
 12828 | Lair:1   | Reached ***** piety under Okawaru
 12974 | Lair:2   | Noticed Gastronok
 13004 | Lair:2   | Killed Gastronok
 13004 | Lair:2   | Received a gift from Okawaru
 13004 | Lair:2   | Reached XP level 12. HP: 31/102 MP: 5/11
 13005 | Lair:2   | Found the +14 obsidian axe {chop, +Fly SInv *Curse}
 13485 | Lair:2   | Found a staircase to the Snake Pit.
 13707 | Lair:2   | Noticed a six-headed hydra
 13718 | Lair:2   | Killed a six-headed hydra
 13916 | Lair:2   | Reached skill level 10 in Shields
 14709 | Lair:3   | Found a staircase to the Swamp.
 15249 | Lair:3   | Received a gift from Okawaru
 15252 | Lair:3   | Got a pair of ancient boots {god gift}
 15258 | Lair:3   | Identified the +0 pair of boots of the Moon Troll {+Blink rPois rC+} (Okawaru gifted it to you on level 3 of the Lair of Beasts)
 15696 | Lair:3   | Noticed Urug
 15708 | Lair:3   | Killed Urug
 15920 | Lair:4   | Reached skill level 1 in Invocations
 16381 | Lair:4   | Reached XP level 13. HP: 56/108 MP: 8/14
 17737 | Lair:5   | Reached skill level 5 in Invocations
 18343 | Lair:6   | Entered Level 6 of the Lair of Beasts
 18704 | Lair:6   | Found a glowing golden altar of the Shining One.
 18892 | Lair:6   | Found a staircase to the Slime Pits.
 19025 | Lair:6   | Received a gift from Okawaru
 19025 | Lair:6   | Reached skill level 1 in Evocations
 19708 | Lair:6   | Reached skill level 5 in Evocations
 19733 | Lair:6   | Reached ****** piety under Okawaru
 20459 | Lair:6   | Noticed a dire elephant
 20477 | Lair:6   | Killed a dire elephant
 20480 | Lair:6   | Reached XP level 14. HP: 96/118 MP: 13/19
 20485 | Lair:6   | Received a gift from Okawaru
 21027 | D:11     | Found Holaikel's General Store.
 21042 | D:11     | Bought a scroll of noise for 12 gold pieces
 21406 | D:11     | Found a staircase to the Orcish Mines.
 21421 | D:11     | Found Nixuw's Magic Scroll Shoppe.
 21472 | D:11     | Bought a scroll of fog for 22 gold pieces
 21475 | D:11     | Identified a scroll of acquirement
 21779 | D:11     | Found Nera's Assorted Antiques.
 21829 | D:11     | Found Dueshi Bais's General Store.
 21919 | Orc:1    | Entered Level 1 of the Orcish Mines
 22307 | Orc:2    | Entered Level 2 of the Orcish Mines
 22550 | Orc:2    | Received a gift from Okawaru
 22550 | Orc:2    | Reached skill level 10 in Fighting
 22838 | Orc:2    | Learned a level 2 spell: Blink
 22874 | Orc:2    | Found the +8 demon blade "Bloodbane" {slice, *Rage +Rage Stlth-}
 22880 | Orc:2    | Paralysed by an orc sorcerer for 2 turns
 23097 | Orc:2    | Found a staircase to the Elven Halls.
 23592 | Orc:2    | Found Fisam's Antique Armour Shop.
 23722 | Orc:2    | Noticed an orc warlord
 23745 | Orc:2    | Reached skill level 10 in Armour
 24044 | Orc:1    | Killed an orc warlord
 24269 | Orc:2    | Found a roughly hewn altar of Beogh.
 24278 | Orc:2    | Reached skill level 10 in Dodging
 24297 | Orc:2    | Found Geass's General Store.
 25143 | Orc:2    | Found a roughly hewn altar of Beogh.
 25352 | Orc:2    | Found Jiklemig's Antique Weapon Emporium.
 25374 | Orc:2    | Found Vydis's Book Shoppe.
 25811 | Elf:1    | Entered Level 1 of the Elven Halls
 25960 | Elf:1    | Found Enap's Armour Shop.
 25992 | Elf:1    | HP: 5/124 [dire flail of protection (14)]
 26380 | Elf:1    | Reached XP level 15. HP: 122/130 MP: 18/20
 26836 | Elf:1    | Reached skill level 1 in Spellcasting
 26836 | Elf:1    | Reached XP level 16. HP: 106/139 MP: 16/21
 27058 | Elf:1    | Received a gift from Okawaru
 27423 | Elf:1    | Noticed Kirke
 27426 | Elf:1    | Received a gift from Okawaru
 27435 | Elf:1    | Killed Kirke
 27727 | Elf:1    | Got a fine jade ring
 27728 | Elf:1    | Identified the cursed ring of Xeerul {rN+ Int-4 Dex+2 Slay-2 Stlth+} (You found it on level 1 of the Elven Halls)
 27733 | Elf:1    | Identified Urina's Catalogue of Supportive Damage Dealing
 28448 | Elf:2    | Found a radiant altar of Vehumet.
 28716 | Elf:2    | Received a gift from Okawaru
 28948 | Elf:2    | Found a runed door.
 28957 | Elf:2    | Found a runed door.
 29278 | Elf:2    | Reached skill level 15 in Shields
 29474 | Elf:2    | Noticed a deep elf blademaster
 29485 | Elf:2    | Cast into level 2 of the Abyss (glaive of distortion)
 29597 | Abyss:2  | Reached XP level 17. HP: 29/150 MP: 12/22
 29985 | Abyss:2  | Received a gift from Okawaru
 29998 | Elf:2    | Escaped the Abyss
 30458 | Elf:2    | Killed a deep elf blademaster
 31155 | Elf:2    | Found Ylui's Assorted Antiques.
 31253 | Elf:3    | Entered Level 3 of the Elven Halls
 32182 | D:12     | Noticed Nergalle
 32195 | D:12     | Killed Nergalle
 32195 | D:12     | Received a gift from Okawaru
 33194 | D:14     | Found a gate to the Vaults.
 33201 | D:14     | Received a gift from Okawaru
 33250 | D:14     | Got a dazzling hat {god gift}
 33256 | D:14     | Identified the -1 hat of Unreason {rElec rF- rCorr Dex+5} (Okawaru gifted it to you on level 14 of the Dungeon)
 34015 | D:15     | Entered Level 15 of the Dungeon
 34144 | D:15     | Learned a level 3 spell: Regeneration
 34147 | D:15     | Learned a level 2 spell: Shroud of Golubria
 34409 | D:15     | Reached skill level 15 in Fighting
 34465 | D:15     | Found a staircase to the Depths.
 34969 | Swamp:1  | Entered Level 1 of the Swamp
 35002 | Swamp:1  | Noticed Roxanne
 35025 | Swamp:1  | Killed Roxanne
 35025 | Swamp:1  | Reached skill level 15 in Armour
 35229 | Swamp:1  | Received a gift from Okawaru
 35230 | Swamp:1  | Got a polished shield {god gift}
 35649 | Swamp:1  | Identified the +0 shield "Teceurph" {rF- rN++ Int+6} (Okawaru gifted it to you on level 1 of the Swamp)
 35804 | Swamp:1  | Reached XP level 18. HP: 132/163 MP: 18/23
 36492 | Swamp:2  | Noticed Aizul
 36504 | Swamp:2  | Killed Aizul
 36842 | Swamp:2  | Got a shimmering hat
 36853 | Swamp:2  | Identified the +0 hat of Veasyrchu {rPois rN+ Str+2} (You acquired it on level 2 of the Swamp)
 37729 | Swamp:3  | Reached skill level 15 in Dodging
 38127 | Swamp:4  | Entered Level 4 of the Swamp
 38432 | Swamp:4  | Noticed saranimal's ghost (adept GrBe)
 39004 | Swamp:4  | Received a gift from Okawaru
 39011 | Swamp:4  | Noticed a bone dragon
 39052 | Swamp:4  | Killed a bone dragon
 39687 | Swamp:4  | Killed saranimal's ghost
 40416 | Swamp:4  | Got a decaying rune of Zot
 40871 | Snake:1  | Entered Level 1 of the Snake Pit
 41368 | Snake:1  | Found Kimneal's Distillery.
 41368 | Snake:1  | Found Kyis Ved's Book Emporium.
 41404 | Snake:1  | Bought a potion of curing for 54 gold pieces
 41404 | Snake:1  | Bought a potion of curing for 54 gold pieces
 41404 | Snake:1  | Bought a potion of curing for 54 gold pieces
 41409 | Snake:1  | Found Kyskioff's Distillery.
 41417 | Snake:1  | Bought a potion of heal wounds for 85 gold pieces
 41417 | Snake:1  | Bought a potion of heal wounds for 85 gold pieces
 41417 | Snake:1  | Bought a potion of curing for 51 gold pieces
 41417 | Snake:1  | Bought a potion of heal wounds for 85 gold pieces
 41903 | Snake:2  | Noticed Vashnia
 42072 | Snake:2  | Killed Vashnia
 42315 | Snake:2  | Received a gift from Okawaru
 42887 | Snake:2  | Reached XP level 19. HP: 174/177 MP: 24/24
 44253 | Snake:4  | Entered Level 4 of the Snake Pit
 44509 | Snake:4  | Found a basalt altar of Yredelemnul.
 44866 | Snake:4  | Received a gift from Okawaru
 45620 | Snake:4  | Received a gift from Okawaru
 45874 | Snake:4  | Got a serpentine rune of Zot
 46200 | Vaults:1 | Entered Level 1 of the Vaults
 47065 | Vaults:1 | Reached XP level 20. HP: 189/189 MP: 25/25
 47087 | Vaults:1 | Received a gift from Okawaru
 47145 | Vaults:1 | Got a pair of smoking gloves {god gift}
 47156 | Vaults:1 | Identified the +2 pair of gloves of Osyth {rN+} (Okawaru gifted it to you on level 1 of the Vaults)
 48757 | Vaults:2 | Received a gift from Okawaru
 48822 | Vaults:2 | Paralysed by an ogre mage for 5 turns
 49032 | Vaults:2 | Found a magical portal.
 49195 | WizLab   | Entered Lehudib's Moon Base
 49605 | WizLab   | Received a gift from Okawaru
 49842 | WizLab   | Found a transporter.
 49911 | WizLab   | Found a transporter.
 49929 | WizLab   | Got a faintly glowing leather armour
 49967 | WizLab   | Identified Lehudib's Guide on the Excruciating Rocks
 50044 | WizLab   | Gained mutation: You are clumsy. (Dex -2) [a neqoxec]
 50048 | WizLab   | Gained mutation: Your spells are a little harder to cast, but a little more powerful. [a neqoxec]
 50195 | WizLab   | Got a smoking ivory ring
 50196 | WizLab   | Identified the ring "Qept" {rN+ MP+9 Int+4 Dex+2} (You found it in a wizard's laboratory)
 50542 | WizLab   | Reached XP level 21. HP: 144/201 MP: 17/26
 51153 | Vaults:2 | Received a gift from Okawaru
 51225 | Vaults:2 | Noticed Frederick
 51238 | Vaults:2 | Killed Frederick
 51372 | Vaults:2 | Found a staircase to the Crypt.
 51664 | Vaults:2 | Noticed Margery
 51685 | Vaults:2 | Killed Margery
 51972 | Vaults:2 | Identified the cursed +0 leather armour "Asomp" {*Slow +Inv Dex+5} (You found it in a wizard's laboratory)
 52866 | Vaults:3 | Noticed Mara
 52891 | Vaults:3 | Noticed Econoterrorist's illusion
 52931 | Vaults:3 | Killed Mara
 52931 | Vaults:3 | Received a gift from Okawaru
 53364 | Vaults:3 | Received a gift from Okawaru
 53842 | Vaults:4 | Reached XP level 22. HP: 212/213 MP: 27/27
 53867 | Vaults:4 | Received a gift from Okawaru
 54056 | Vaults:4 | Got a twitching ruby amulet
 54058 | Vaults:4 | Identified the amulet "Xoruub" {Harm *Drain rPois rC- rN++ Int+3} (You found it on level 4 of the Vaults)
 54663 | Vaults:4 | Received a gift from Okawaru
 54718 | Vaults:4 | Identified a +1 pair of boots of running (Okawaru gifted it to you on level 4 of the Vaults)
 55169 | Vaults:4 | Got a jewelled scale mail
 55170 | Vaults:4 | Identified the cursed +1 scale mail of the Skies Above {+Fly} (You found it on level 4 of the Vaults)
 55422 | Vaults:5 | Entered Level 5 of the Vaults
 56444 | Vaults:5 | Received a gift from Okawaru
 56460 | Vaults:5 | Reached XP level 23. HP: 139/225 MP: 24/28
 56606 | Vaults:5 | Received a gift from Okawaru
 56923 | Vaults:5 | Learned a level 2 spell: Swiftness
 57266 | Vaults:5 | Paralysed by a sphinx for 7 turns
 57772 | Vaults:5 | Received a gift from Okawaru
 58633 | Vaults:5 | Received a gift from Okawaru
 58922 | Vaults:5 | Learned a level 5 spell: Silence
 59132 | Vaults:5 | Identified the Reference Book on Lightness and the Entourage
 59135 | Vaults:5 | Identified the Guide on the Dark Glacier
 59341 | Vaults:5 | Identified the amulet "Tugoupt" {Gourm rPois} (You took it off an ironbrand convoker on level 5 of the Vaults)
 59388 | Vaults:5 | Got a silver rune of Zot
 60004 | Elf:3    | Reached skill level 1 in Air Magic
 60044 | Elf:3    | Reached skill level 1 in Charms
 60130 | Elf:3    | Found Eqyomeul's Distillery.
 60194 | Elf:3    | Bought 2 potions of heal wounds for 150 gold pieces
 60194 | Elf:3    | Bought a potion of curing for 45 gold pieces
 60194 | Elf:3    | Bought 2 potions of heal wounds for 150 gold pieces
 60194 | Elf:3    | Bought a potion of heal wounds for 75 gold pieces
 60462 | Elf:3    | Gained mutation: Scrolls take you a little longer to read. [a cacodemon]
 60471 | Elf:3    | Cast into level 3 of the Abyss (a deep elf demonologist)
 60479 | Elf:3    | Escaped the Abyss
 60631 | Elf:3    | Reached XP level 24. HP: 150/236 MP: 18/28
 60640 | Elf:3    | Received a gift from Okawaru
 60725 | Elf:3    | Identified the amulet of Exaif {+Rage rPois rC+ SInv} (You took it off a deep elf sorcerer on level 3 of the Elven Halls)
 61040 | Elf:3    | Identified the ring "Vyec" {Str+4 Int+2 SInv} (You found it on level 3 of the Elven Halls)
 61043 | Elf:3    | Identified the ring "Saume" {*Tele rN+ Dex+3 Slay-5} (You found it on level 3 of the Elven Halls)
 61045 | Elf:3    | Identified Faubbeo's Guide on Unstable Arcane Weapons
 61096 | Elf:3    | Identified the +7 plate armour "Udeplosm" {MR- Regen+ rCorr Int+3} (You found it on level 3 of the Elven Halls)
 61533 | Slime:1  | Entered Level 1 of the Pits of Slime
 61555 | Lair:6   | Learned a level 6 spell: Deflect Missiles
 61601 | Slime:1  | Gained mutation: Your magical capacity is low. (-10% MP) [a shining eye]
 61605 | Slime:1  | Gained mutation: Your spells are harder to cast, but more powerful. [a shining eye]
 61613 | Slime:1  | Reached skill level 5 in Charms
 61613 | Slime:1  | Reached skill level 5 in Air Magic
 62385 | Slime:1  | Lost mutation: Scrolls take you a little longer to read. [potion of mutation]
 62385 | Slime:1  | Gained mutation: You possess an exceptional clarity of mind. [potion of mutation]
 62564 | Slime:2  | Gained mutation: Your mind is acute. (Int +2) [a shining eye]
 63030 | Slime:1  | Gained mutation: Your body sometimes deteriorates upon taking damage. [a shining eye]
 63033 | Slime:1  | Lost mutation: Your mind is acute. (Int +2) [potion of mutation]
 63033 | Slime:1  | Lost mutation: Your spells are harder to cast, but more powerful. [potion of mutation]
 63033 | Slime:1  | Lost mutation: Your magical capacity is low. (-10% MP) [potion of mutation]
 63033 | Slime:1  | Lost mutation: You are clumsy. (Dex -2) [potion of mutation]
 63033 | Slime:1  | Gained mutation: You have an increased reservoir of magic. (+10% MP) [potion of mutation]
 63033 | Slime:1  | Lost mutation: Your spells are a little harder to cast, but a little more powerful. [potion of mutation]
 63033 | Slime:1  | Gained mutation: Your mind is acute. (Int +2) [potion of mutation]
 63104 | Slime:2  | Paralysed by a great orb of eyes for 6 turns
 63338 | Slime:3  | Lost mutation: Your mind is acute. (Int +2) [a shining eye]
 63658 | Slime:4  | Gained mutation: You expend magic power (3 MP) to strengthen your wands. [a shining eye]
 63660 | Slime:4  | Gained mutation: You do not regenerate when monsters are visible. [a shining eye]
 63821 | Slime:3  | Received a gift from Okawaru
 63889 | Slime:5  | Entered Level 5 of the Pits of Slime
 63892 | Slime:5  | Gained mutation: Your body often deteriorates upon taking damage. [a shining eye]
 63901 | Slime:5  | Lost mutation: You have an increased reservoir of magic. (+10% MP) [a shining eye]
 64033 | Slime:5  | Noticed the Royal Jelly
 64046 | Slime:5  | Killed the Royal Jelly
 64069 | Slime:5  | Found the +3 sling "Punk" {acid, rCorr}
 64086 | Slime:5  | Paralysed by a floating eye for 4 turns
 64105 | Slime:3  | Slain by an acid blob

Skill      XL: |  1  2  3  4  5  6  7  8  9 10 11 12 13 14 15 16 17 18 19 20 21 22 23 24 |
---------------+-------------------------------------------------------------------------+-----
Staves         | 4 5 7 8 9 10 11 | 11.1
Armour         | 1 2 4 5 7 8 10 11 13 15 17 18 20 21 22 23 | 23.4
Fighting       | 3 5 6 8 9 11 13 15 17 18 20 21 22 23 | 23.5
Dodging        | 4 5 6 7 8 10 11 12 14 16 17 18 20 21 22 | 22.0
Maces & Flails | 10 13 14 | 14.8
Shields        | 1 8 11 13 15 | 15.5
Invocations    | 3 8 |  8.0
Evocations     | 6 |  6.2
Spellcasting   | 1 |  1.4
Air Magic      | 3 7 |  7.4
Charms         | 3 8 |  8.7
Throwing       | |  2.0

Action                   |  1- 3 |  4- 6 |  7- 9 | 10-12 | 13-15 | 16-18 | 19-21 | 22-24 || total
-------------------------+-------+-------+-------+-------+-------+-------+-------+-------++-------
Melee: Quarterstaff      |    46 |   154 |   363 |       |       |       |       |       ||   563
       Headbutt          |     6 |    22 |    77 |   124 |   206 |   362 |   493 |   458 ||  1748
       Morningstar       |       |       |       |   646 |   441 |       |       |       ||  1087
       Eveningstar       |       |       |       |       |   454 |  1580 |  1737 |  1602 ||  5373
Invok: Heroism           |       |       |       |     4 |     2 |     3 |       |       ||     9
       Finesse           |       |       |       |       |       |     2 |     1 |     3 ||     6
Evoke: Lamp of fire      |       |       |       |       |       |       |     1 |     1 ||     2
       Wand              |       |       |       |       |       |       |       |     5 ||     5
       Lightning rod     |       |       |       |       |       |       |       |     8 ||     8
       Phial of floods   |       |       |       |       |       |       |       |     1 ||     1
       Phantom mirror    |       |       |       |       |       |       |       |     1 ||     1
  Use: Potion            |       |     5 |       |     3 |     3 |     5 |     7 |    20 ||    43
       Scroll            |       |       |     7 |     7 |    23 |    19 |    14 |    23 ||    93
 Stab: Distracted        |       |       |       |       |       |       |     1 |     1 ||     2
  Eat: Chunk             |       |     2 |     4 |    20 |    18 |    11 |    19 |    14 ||    88
       Ration            |       |     1 |     2 |     4 |     5 |    12 |     5 |     6 ||    35
Armor: Leather armour    |    17 |     3 |    79 |    95 |       |       |       |       ||   194
       Ring mail         |       |    20 |       |       |       |       |       |       ||    20
       Skin              |       |    36 |       |       |       |       |       |       ||    36
       Scale mail        |       |    20 |    40 |    68 |   185 |   151 |       |       ||   464
       Fire dragon scale |       |       |       |       |       |   236 |   357 |   502 ||  1095
Dodge: Dodged            |    35 |    79 |   248 |   386 |   356 |   716 |   981 |  1055 ||  3856
       Deflected         |       |       |       |       |     7 |    65 |   106 |    56 ||   234
Block: Shield            |       |       |       |   222 |   461 |   934 |  1068 |  1054 ||  3739
